 Dungeon Crawl Stone Soup version 0.21-a0-143-g1ab7d47 (webtiles) character file.

3808 drasked the Covert (level 9, -6/45 HPs)
             Began as a Deep Elf Wizard on July 24, 2017.
             Was a Believer of Vehumet.
             Mangled by a two-headed ogre
             ... wielding a +0 giant club
              (23 damage)
             ... on level 8 of the Dungeon.
             The game lasted 00:40:36 (9895 turns).

drasked the Covert (Deep Elf Wizard)                Turns: 9895, Time: 00:40:37

Health: -6/45      AC:  1    Str:  4    XL:     9   Next: 96%
Magic:  8/18       EV: 17    Int: 27    God:    Vehumet [**....]
Gold:   487        SH:  0    Dex: 13    Spells: 6/17 levels left

rFire    . . .     SeeInvis .   k - +0 dagger (venom)
rCold    . . .     Gourm    .   (no shield)
rNeg     . . .     Faith    .   a - +0 robe
rPois    .         Spirit   .   b - +0 hat
rElec    .         Reflect  .   (no cloak)
rCorr    .         Harm     .   v - -2 pair of gloves
MR       .....                  (no boots)
Stlth    +++++.....             (no amulet)
HPRegen  0.15/turn              (no ring)
MPRegen  0.16/turn              (no ring)

@: no status effects
A: no striking features
a: Renounce Religion


You were on level 8 of the Dungeon.
You worshipped Vehumet.
Vehumet was pleased with you.
You were not hungry.

You visited 2 branches of the dungeon, and saw 9 of its levels.
You also visited: Ossuary.

You collected 487 gold pieces.

Inventory:

Hand Weapons
 k - a +0 dagger of venom (weapon)
   (You took it off a wight on level 7 of the Dungeon)
Missiles
 j - 8 throwing nets {=f, !d}
Armour
 a - a +0 robe (worn)
   (You found it on level 2 of the Dungeon)
 b - a +0 hat (worn)
 v - a -2 pair of gloves (worn)
   (You found it on level 4 of the Dungeon)
Wands
 y - a wand of confusion (4/48)
   (You found it on level 5 of the Dungeon)
 B - a wand of confusion (20/48)
   (You took it off a gnoll sergeant on level 7 of the Dungeon)
Scrolls
 o - 6 scrolls of identify
 r - a scroll of holy word {unknown}
 t - a scroll of remove curse
 x - 2 scrolls of blinking {!r}
 A - a scroll of enchant weapon
Potions
 e - 8 potions of curing
 g - a potion of might {unknown}
 h - 2 potions of ambrosia {unknown}
 l - 2 potions of heal wounds {unknown}
 n - a potion of resistance {unknown}
 p - a potion of brilliance {unknown}
 q - 2 potions of lignification {unknown}
 s - 2 potions of haste {unknown}
 u - a potion of mutation {unknown}
 w - a potion of berserk rage {unknown}
 z - a potion of agility {unknown}
 D - a potion of cancellation {unknown}
Books
 c - a book of Minor Magic
 m - a book of Necromancy
   (You found it on level 6 of the Dungeon)
Comestibles
 d - 6 bread rations {@e1}
 f - a royal jelly
 i - 5 meat rations {@e2}
 C - 2 chunks of flesh {@w0}


   Skills:
 - Level 3.1 Short Blades
 - Level 8.6 Dodging
 + Level 10.8 Stealth
 - Level 4.8 Spellcasting
 + Level 9.1 Conjurations
 - Level 1.1 Summonings
 - Level 1.1 Translocations
 - Level 2.0 Air Magic
 - Level 2.0 Poison Magic


You had 6 spell levels left.
You knew the following spells:

 Your Spells              Type           Power        Failure   Level  Hunger
a - Magic Dart            Conj           ####         1%          1    None
b - Blink                 Tloc           N/A          7%          2    None
c - Call Imp              Summ           ##......     7%          2    None
d - Conjure Flame         Conj/Fire      ####....     3%          3    ##.....
x - Mephitic Cloud        Conj/Pois/Air  ####....     3%          3    ##.....


Dungeon Overview and Level Annotations

Branches:
Dungeon (8/15)             Temple (1/1) D:6
   Lair: D:8-11

Altars:
Ashenzari
Cheibriados
Dithmenos
Elyvilon
Fedhas
Hepliaklqana
Kikubaaqudgha
Makhleb
Nemelex Xobeh
Okawaru
Qazlal
Ru
Sif Muna
Uskayaw
Vehumet
Wu Jian
Xom
Yredelemnul
Zin
The Shining One

Shops:
D:8 }

Annotations:
D:2 exclusion: Jessica, Jessica
D:4 Ijyb


Message History

Aim: a goblin, wielding a hand axe (noxious fumes, moderately wounded, confused)
The magic dart hits the goblin.
You kill the goblin!
Vehumet accepts your kill.
You feel your power returning.
Aim: a goblin, wielding a hand axe The magic dart hits the goblin.
You kill the goblin!
Vehumet accepts your kill.
You now have 14/18 mp.
Aim: a goblin, wielding a hand axe The magic dart hits the goblin.
You now have 13/18 mp.
Aim: a goblin, wielding a hand axe The magic dart hits the goblin.
You kill the goblin!
Vehumet accepts your kill. Vehumet offers you knowledge of Shock.
You now have 12/18 mp.
Aim: a goblin, wielding a hand axe The magic dart hits the goblin.
The goblin closely misses you.
Aim: a goblin, wielding a hand axe (heavily wounded)
The magic dart hits the goblin.
You kill the goblin!
Vehumet accepts your kill.
You hear a splash.
You now have 11/18 mp.
You may need something to eat soon, looking for food.
Can't find anything matching that.
Okay, then.
You enter the shallow water.
Moving in this stuff is going to be slow.
Things that are here:
a hand axe; a goblin corpse Autochopping corpse.
You butcher the goblin corpse.
You hear a splash.
C - 3 chunks of flesh {@w0}
Things that are here:
a hand axe; a goblin skeleton Autoeating chunks.
Eating one of 3 chunks of flesh {@w0}.
You eat one of the 3 chunks of flesh {@w0}.
Things that are here:
a hand axe; a goblin corpse You enter the shallow water.
Moving in this stuff is going to be slow.
You now have 487 gold pieces (gained 19).
Found Utoyf's Gadget Shop.
You regained 3 mp, and now have 15/18 mp.
An iguana and a two-headed ogre come into view.
The two-headed ogre shouts in stereo!
There are monsters nearby!
There are monsters nearby!
The ball explodes into a vile cloud!
The stinking cloud engulfs the two-headed ogre.
The iguana hisses angrily.
You now have 12/18 mp.
The two-headed ogre is engulfed in noxious fumes.
The two-headed ogre appears confused.
Aim: an iguana The magic dart hits the iguana.
You now have 12/18 mp.
Aim: an iguana (lightly wounded)
The magic dart hits the iguana.
You now have 11/18 mp.
Aim: an iguana (moderately wounded)
The magic dart hits the iguana.
You now have 10/18 mp.
Aim: an iguana (heavily wounded)
The magic dart hits the iguana.
You now have 9/18 mp.
Aim: an iguana (almost dead)
The magic dart hits the iguana.
You kill the iguana!
Vehumet accepts your kill.
You now have 8/18 mp.
The two-headed ogre seems less confused.
Okay, then.
The ball explodes into a vile cloud!
The stinking cloud engulfs the two-headed ogre.
The two-headed ogre is engulfed in noxious fumes.
The two-headed ogre appears confused.
You now have 6/18 mp.
No reachable target in view!
The two-headed ogre is engulfed in noxious fumes.
The two-headed ogre appears confused.
The two-headed ogre is engulfed in noxious fumes.
The two-headed ogre appears confused.
The two-headed ogre is engulfed in noxious fumes.
You hit the two-headed ogre but do no damage.
The two-headed ogre is poisoned.
You catch the helpless two-headed ogre completely off-guard!
You impale the two-headed ogre!!
The two-headed ogre looks as sick as possible!
The two-headed ogre hits you with a giant club!!
Ouch! That really hurt!
The two-headed ogre hits you with a giant club!!
Ouch! That really hurt!
You die...

#......# #...
#......########...
#.................
##...###...........
#.∩..+,+..........#
#....#*#.........##
#....# #........##,
#.O..# #.......##,,
#.@..# #......##,,,
#....# #......#,,,,
#....# ###+####,,,,
#....# *,* *,,,,
####.#****,* *,,,,
*...,,,,* *,,,,
*####**** *,,,,
*,,,, *,,,,


You could see a two-headed ogre (confused).

Vanquished Creatures
  A two-headed ogre (D:5)
  Joseph (D:7)
  A hippogriff (D:7)
  2 hungry ghosts
  2 ice beasts (D:5)
  2 sky beasts
  3 ogres
  A phantom (D:7)
  3 centaurs
  A bullfrog (D:8)
  A gnoll sergeant (D:7)
  2 scorpions (D:4)
  5 wights (D:7)
  2 howler monkeys
  A bullfrog zombie (D:7)
  3 crimson imps
  3 hounds
  2 centaur zombies (Ossuary)
  3 jellies
  4 orc priests
  4 orc wizards
  3 centaur skeletons
  4 iguanas
  3 big kobold zombies (Ossuary)
  A hound zombie (D:7)
  5 mummies (Ossuary)
  A hound skeleton (D:8)
  5 gnolls (D:7)
  A howler monkey skeleton (D:7)
  10 adders
  3 dart slugs
  A leopard gecko (D:3)
  15 orcs
  5 giant cockroaches
  18 goblins
  4 hobgoblins
  6 jackals
  4 kobolds
  7 quokkas
  A ball python (D:2)
  8 bats
  2 frilled lizards
  2 hobgoblin zombies (Ossuary)
  A jackal skeleton (D:7)
  4 rats
161 creatures vanquished.

Vanquished Creatures (collateral kills)
  A worker ant (D:4)
  An orc (D:4)
2 creatures vanquished.

Vanquished Creatures (others)
  A two-headed ogre (D:8)
1 creature vanquished.

Grand Total: 164 creatures vanquished

Notes
Turn   | Place    | Note
-------+----------+-------------------------------------------
     0 | D:1      | drasked the Deep Elf Wizard began the quest for the Orb.
     0 | D:1      | Reached XP level 1. HP: 10/10 MP: 7/7
   274 | D:1      | Reached skill level 2 in Conjurations
   308 | D:1      | Reached XP level 2. HP: 15/15 MP: 6/9
   700 | D:2      | Reached skill level 3 in Conjurations
   956 | D:2      | Noticed Jessica
   966 | D:2      | Reached XP level 3. HP: 19/19 MP: 3/10
  1372 | D:2      | Found a glowing golden altar of the Shining One.
  1372 | D:2      | Found a shadowy altar of Dithmenos.
  1507 | D:2      | Learned a level 2 spell: Blink
  1510 | D:2      | Learned a level 2 spell: Call Imp
  1514 | D:2      | Learned a level 3 spell: Conjure Flame
  1968 | D:2      | Learned a level 3 spell: Mephitic Cloud
  2005 | D:3      | Reached skill level 4 in Conjurations
  2005 | D:3      | Reached XP level 4. HP: 24/24 MP: 7/12
  2124 | D:3      | Found a glowing silver altar of Zin.
  2590 | D:4      | Noticed an ogre
  2744 | D:4      | Reached skill level 5 in Conjurations
  2807 | D:4      | Noticed an ogre
  2826 | D:4      | Killed an ogre
  2826 | D:4      | Reached XP level 5. HP: 28/28 MP: 5/14
  2944 | D:4      | Reached skill level 6 in Conjurations
  3141 | D:3      | Reached XP level 6. HP: 32/32 MP: 7/15
  3436 | D:4      | Reached skill level 7 in Conjurations
  3665 | D:4      | Noticed Ijyb
  4516 | D:4      | Reached XP level 7. HP: 36/36 MP: 9/16
  4536 | D:4      | Reached skill level 1 in Short Blades
  4641 | D:5      | Entered Level 5 of the Dungeon
  4687 | D:5      | Reached skill level 3 in Dodging
  4687 | D:5      | Reached skill level 3 in Stealth
  4983 | D:5      | Reached skill level 2 in Short Blades
  5087 | D:5      | Noticed a hungry ghost
  5104 | D:5      | Killed a hungry ghost
  5104 | D:5      | Reached skill level 4 in Dodging
  5104 | D:5      | Reached skill level 4 in Stealth
  5189 | D:5      | Reached skill level 3 in Short Blades
  5189 | D:5      | Reached XP level 8. HP: 41/41 MP: 2/17
  5501 | D:5      | Noticed a two-headed ogre
  5756 | D:5      | Killed a two-headed ogre
  5756 | D:5      | Reached skill level 6 in Dodging
  5756 | D:5      | Reached skill level 6 in Stealth
  5830 | D:6      | Found a staircase to the Ecumenical Temple.
  5837 | Temple   | Entered the Ecumenical Temple
  5907 | Temple   | Became a worshipper of Vehumet
  5961 | D:6      | Found an iron altar of Okawaru.
  5964 | D:6      | Reached skill level 7 in Stealth
  6237 | D:6      | Reached skill level 7 in Dodging
  6453 | D:6      | Found an ancient bone altar of Kikubaaqudgha.
  6456 | D:6      | Found a blossoming altar of Fedhas.
  6796 | D:7      | Found a sacrificial altar of Ru.
  6810 | D:7      | Reached skill level 8 in Stealth
  7158 | D:7      | Reached XP level 9. HP: 45/45 MP: 10/18
  7368 | D:7      | Reached skill level 8 in Dodging
  7588 | D:7      | Reached skill level 9 in Stealth
  7693 | D:7      | Noticed Joseph
  7739 | D:7      | Killed Joseph
  7739 | D:7      | Reached skill level 8 in Conjurations
  7739 | D:7      | Reached skill level 1 in Air Magic
  7739 | D:7      | Reached skill level 1 in Poison Magic
  7879 | D:7      | Reached * piety under Vehumet
  7879 | D:7      | Offered knowledge of Flame Tongue by Vehumet.
  7879 | D:7      | Reached skill level 2 in Poison Magic
  8256 | D:8      | Noticed a two-headed ogre
  8352 | D:8      | Reached skill level 2 in Air Magic
  8356 | D:8      | Found a sand-covered staircase.
  8361 | D:8      | HP: 6/45 [orc priest/divine providence (11)]
  8363 | Ossuary  | Entered an ossuary
  8643 | Ossuary  | Reached skill level 10 in Stealth
  9336 | D:8      | Banished a two-headed ogre
  9584 | D:8      | Reached skill level 9 in Conjurations
  9843 | D:8      | Reached ** piety under Vehumet
  9845 | D:8      | Offered knowledge of Shock by Vehumet.
  9872 | D:8      | Found Utoyf's Gadget Shop.
  9874 | D:8      | Noticed a two-headed ogre
  9895 | D:8      | Mangled by a two-headed ogre

Vault maps used:
D:1:      roderic_chinese_lattice_arrival
D:2:      gammafunk_temple_overflow_pools, uniq_jessica
D:3:      marbit_many_paths
D:4:      kennysheep_goblin_castle, first_bread
D:6:      grunt_temple_overflow_growth_and_decay, temple_statues, basic_altar
D:7:      nicolae_overflow_crystal_walls, uniq_joseph
D:8:      lemuel_crystal_altar, nicolae_ossuary_entry_plus, enter_bailey_3,
          serial_shops, shop, kennysheep_big_empty_room
Temple:   eino_temple_lava
Ossuary:  ossuary_the_hunt_dpeg

Skill      XL: |  1  2  3  4  5  6  7  8  9 |
---------------+----------------------------+-----
Conjurations   | 2 3 4 5 6 7 9 |  9.1
Short Blades   | 3 |  3.1
Dodging        | 4 7 8 |  8.6
Stealth        | 4 8 10 | 10.8
Air Magic      | 2 |  2.0
Poison Magic   | 2 |  2.0
Spellcasting   | |  4.8
Summonings     | |  1.1
Translocations | |  1.1

Action                   |  1- 3 |  4- 6 |  7- 9 || total
-------------------------+-------+-------+-------++-------
Melee: Dagger            |       |    11 |   108 ||   119
 Cast: Magic Dart        |    89 |   124 |   305 ||   518
       Mephitic Cloud    |       |    10 |    26 ||    36
       Call Imp          |       |     3 |     3 ||     6
       Conjure Flame     |       |     1 |    13 ||    14
Evoke: Wand              |       |       |     3 ||     3
  Use: Scroll            |     5 |     1 |     4 ||    10
 Stab: Confused          |       |     2 |    15 ||    17
       Sleeping          |       |       |    14 ||    14
  Eat: Chunk             |     2 |     7 |    11 ||    20
       Fruit             |     1 |     1 |     1 ||     3
       Royal jelly       |       |       |     3 ||     3
Armor: Robe              |       |     1 |     6 ||     7
Dodge: Dodged            |     9 |    16 |    82 ||   107

Vault maps used:
D:1:      roderic_chinese_lattice_arrival
D:2:      gammafunk_temple_overflow_pools, uniq_jessica
D:3:      marbit_many_paths
D:4:      kennysheep_goblin_castle, first_bread
D:6:      grunt_temple_overflow_growth_and_decay, temple_statues, basic_altar
D:7:      nicolae_overflow_crystal_walls, uniq_joseph
D:8:      lemuel_crystal_altar, nicolae_ossuary_entry_plus, enter_bailey_3,
          serial_shops, shop, kennysheep_big_empty_room
Temple:   eino_temple_lava
Ossuary:  ossuary_the_hunt_dpeg

Table legend:
 A = Turns spent in this place as a percentage of turns spent in the entire game.
 B = Non-inter-level travel turns spent in this place as a percentage of non-inter-level travel turns spent in the entire game.
 C = Inter-level travel turns spent in this place as a percentage of turns spent in this place.
 D = Turns resting spent in this place as a percentage of non-inter-level travel turns spent in this place.
 E = Turns spent auto-exploring this place as a percentage of non-inter-level travel turns spent in this place.
 F = Non-inter-level travel turns spent in this place divided by the number of levels of this place that you've seen.
                   A       B       C       D       E      F
               +-------+-------+-------+-------+-------+----------------------
         Total | 100.0 | 100.0 |   0.8 |   3.3 |   7.9 | 286.6
       Dungeon |  89.0 |  89.0 |   0.9 |   3.1 |   8.3 | 318.8
        Temple |   1.0 |   0.9 |   3.6 |   0.0 |  29.6 |  27.0
       Ossuary |  10.0 |  10.1 |   0.0 |   5.2 |   2.4 | 289.0
               +-------+-------+-------+-------+-------+----------------------

Table legend:
 A = Kills in this place as a percentage of kills in entire the game.
 B = Kills by you in this place as a percentage of kills by you in the entire game.
 C = Kills by friends in this place as a percentage of kills by friends in the entire game.
 D = Other kills in this place as a percentage of other kills in the entire game.
 E = Experience gained in this place as a percentage of experience gained in the entire game.
 F = Experience gained in this place divided by the number of levels of this place that you have seen.
                   A       B       C       D       E      F
               +-------+-------+-------+-------+-------+----------------------
         Total | 100.0 | 100.0 | 100.0 | 100.0 | 100.0 | 544.1
       Dungeon |  92.7 |  92.4 | 100.0 | 100.0 |  95.1 | 647.0
       Ossuary |   7.3 |   7.6 |   0.0 |   0.0 |   4.9 | 265.0
               +-------+-------+-------+-------+-------+----------------------
